 Dungeon Crawl Stone Soup version 0.21.1-1-g345015fe64 (webtiles) character file.

1488 Naru the Archer (level 8, -1/70 HPs)
             Began as a Centaur Hunter on June 8, 2018.
             Was a Believer of Okawaru.
             Slain by an orc warrior
             ... wielding a +0 hand axe
              (16 damage)
             ... in a bailey.
             The game lasted 00:31:33 (9556 turns).

Naru the Archer (Centaur Hunter)                    Turns: 9556, Time: 00:31:34

Health: -1/70      AC:  6    Str: 16    XL:     8   Next: 51%
Magic:  8/8        EV:  8    Int: 10    God:    Okawaru [**....]
Gold:   180        SH:  0    Dex: 11    Spells: 7/7 levels left

rFire    . . .     SeeInvis +   j - +1 trident (venom)
rCold    + . .     Gourm    .   (no shield)
rNeg     . . .     Faith    .   r - +0 scale mail
rPois    .         Spirit   .   (no helmet)
rElec    .         Reflect  .   (no cloak)
rCorr    .         Harm     .   (no gloves)
MR       .....                  (no barding)
Stlth    ..........             (no amulet)
HPRegen  0.21/turn              c - ring of protection from cold
MPRegen  0.11/turn              o - ring of see invisible

@: very quick
A: large, hooves 3, deformed body, speed 2, tough skin 3
a: Heroism, Renounce Religion


You were in a bailey.
You worshipped Okawaru.
Okawaru was pleased with you.
You were not hungry.

You visited 1 branch of the dungeon, and saw 7 of its levels.
You also visited: Bailey.

You collected 180 gold pieces.

Inventory:

Hand Weapons
 a - a +6 shortbow
 b - a +0 short sword
 g - a +0 hunting sling
 j - a +1 trident of venom (weapon)
Missiles
 d - 5 arrows
 i - 83 sling bullets
 m - 8 tomahawks (quivered)
 n - 10 bolts
 t - 21 poisoned needles
Armour
 k - a +0 ring mail
 r - a +0 scale mail (worn)
Jewellery
 c - a ring of protection from cold (left hand)
 o - a ring of see invisible (right hand)
Scrolls
 p - 3 scrolls of remove curse
Potions
 e - a potion of flight
 f - 2 potions of magic {unknown}
 h - 2 potions of mutation
 l - 3 potions of cancellation {unknown}
 q - a potion of agility {unknown}
 s - a potion of curing {unknown}


   Skills:
 * Level 5.7 Fighting
 - Level 0.2 Short Blades
 * Level 0.1 Polearms
 - Level 2.6 Slings
 + Level 10.5 Bows
 - Level 0.5 Armour
 * Level 3.5 Dodging
 - Level 1.4 Stealth


You had 7 spell levels left.
You didn't know any spells.

Dungeon Overview and Level Annotations

Branches:
Dungeon (7/15)             Temple (0/1) D:4

Altars:
Elyvilon
Okawaru
Sif Muna
Trog
Wu Jian
The Shining One


Innate Abilities, Weirdness & Mutations

You have hooves in place of feet.
Armour fits poorly on your strangely shaped body.
You cover ground very quickly.
You have extremely tough skin. (AC +3)


Message History

There is a gate leading back out of this place here.
You hit the orc warrior but do no damage.
The orc warrior is poisoned.
You kick the orc warrior!
The orc warrior is moderately wounded.
The orc warrior hits you with a hand axe!
The gnoll hits you with a hand axe.
You closely miss the orc warrior. Your kick misses the orc warrior.
The orc warrior is heavily wounded.
The orc warrior hits you with a hand axe.
The orc barely misses you. The gnoll hits you with a hand axe.
* * * LOW HITPOINT WARNING * * *
The orc hits you with a hand axe.
* * * LOW HITPOINT WARNING * * *
The orc warrior hits you with a hand axe.
* * * LOW HITPOINT WARNING * * *
The gnoll misses you. The orc hits you but does no damage.
There is a gate leading back out of this place here.
The orc warrior hits you with a hand axe!
You die...

##.........##
#...).....#
##.......##
#.......#
##.....##
♣##'''##♣
♣.......♣♣
♣♣..oog...♣♣
♣...g@o....♣
♣...g.o...♣♣
♣....∩))...♣
♣..........♣
♣♣........♣♣
♣♣..♣..♣♣♣
♣♣♣♣♣♣♣


You could see 2 orc warriors, 2 gnolls, 2 orcs and a goblin.

Vanquished Creatures
  A sky beast (D:4)
  An ice beast (D:5)
  3 ogres
  The ghost of Faustar the Conjurer, an amateur DECj (D:3)
  A bullfrog (D:6)
  A gnoll sergeant (D:5)
  A scorpion (D:4)
  A howler monkey (D:5)
  3 crimson imps
  5 hounds
  A jelly (D:6)
  2 orc wizards (D:4)
  An iguana (D:6)
  4 worker ants
  A worker ant zombie (D:6)
  7 adders
  12 gnolls
  An adder skeleton (D:4)
  5 worms
  5 dart slugs
  3 leopard geckos
  12 orcs
  3 giant cockroaches
  16 goblins
  9 hobgoblins
  7 kobolds
  4 quokkas
  5 bats
  7 frilled lizards
  A jackal skeleton (D:5)
  6 rats
130 creatures vanquished.

Notes
Turn   | Place    | Note
-------+----------+-------------------------------------------
     0 | D:1      | Naru the Centaur Hunter began the quest for the Orb.
     0 | D:1      | Reached XP level 1. HP: 17/17 MP: 1/1
    96 | D:1      | Reached XP level 2. HP: 24/24 MP: 2/2
   453 | D:1      | Reached skill level 1 in Stealth
  1068 | D:2      | Reached skill level 6 in Bows
  1068 | D:2      | Reached XP level 3. HP: 21/29 MP: 3/3
  1928 | D:2      | Reached XP level 4. HP: 35/37 MP: 4/4
  2111 | D:2      | Found an iron altar of Okawaru.
  2111 | D:2      | Found an ornate altar of the Wu Jian Council.
  2115 | D:2      | Became a worshipper of Warmaster Okawaru
  2270 | D:3      | Noticed Faustar's ghost (amateur DECj)
  2283 | D:3      | Killed Faustar's ghost
  2283 | D:3      | Reached XP level 5. HP: 26/44 MP: 5/5
  2549 | D:2      | Reached skill level 7 in Bows
  3280 | D:3      | Reached * piety under Okawaru
  3577 | D:3      | Found a faded altar of an unknown god.
  3610 | D:3      | Found a deep blue altar of Sif Muna.
  3838 | D:4      | Reached skill level 1 in Slings
  3838 | D:4      | Reached XP level 6. HP: 51/51 MP: 6/6
  5615 | D:4      | Found a staircase to the Ecumenical Temple.
  5752 | D:4      | Reached XP level 7. HP: 58/58 MP: 7/7
  5893 | D:4      | Got a slimy dagger
  6187 | D:5      | Entered Level 5 of the Dungeon
  6209 | D:4      | Reached skill level 8 in Bows
  6874 | D:5      | Found a bloodstained altar of Trog.
  7140 | D:5      | Reached ** piety under Okawaru
  7140 | D:5      | Reached skill level 9 in Bows
  7395 | D:5      | Found a glowing golden altar of the Shining One.
  7431 | D:5      | Reached XP level 8. HP: 66/67 MP: 8/8
  7622 | D:5      | Reached skill level 5 in Fighting
  8062 | D:6      | Reached skill level 10 in Bows
  9186 | D:6      | Found a white marble altar of Elyvilon.
  9338 | D:7      | Found a flagged portal.
  9358 | Bailey   | Entered a bailey
  9556 | Bailey   | Slain by an orc warrior

Skill      XL: |  1  2  3  4  5  6  7  8 |
---------------+-------------------------+-----
Stealth        | 1 |  1.4
Bows           | 6 7 9 10 | 10.5
Dodging        | 2 3 |  3.5
Fighting       | 3 4 5 |  5.7
Slings         | 1 2 |  2.6
Short Blades   | |  0.2
Polearms       | |  0.1
Armour         | |  0.5

Action                   |  1- 3 |  4- 6 |  7- 9 || total
-------------------------+-------+-------+-------++-------
Melee: Short sword       |       |    39 |       ||    39
       Kick              |       |    13 |     3 ||    16
       Shortbow          |       |       |     3 ||     3
       Trident           |       |       |    14 ||    14
 Fire: Shortbow          |    94 |   110 |   147 ||   351
       Hunting sling     |       |    27 |       ||    27
Throw: Tomahawk          |       |       |    14 ||    14
  Use: Scroll            |     5 |     9 |     1 ||    15
       Potion            |       |       |     2 ||     2
  Eat: Chunk             |     1 |       |       ||     1
       Ration            |       |     3 |     3 ||     6
Armor: Leather armour    |     4 |       |       ||     4
       Skin              |     1 |       |       ||     1
       Ring mail         |     2 |    48 |    21 ||    71
       Scale mail        |       |       |     6 ||     6
Dodge: Dodged            |    11 |    90 |    35 ||   136
